 Dungeon Crawl Stone Soup version 0.30-a0-305-g026cb31310 (webtiles) character file.

Game seed: 10124568217931019025

63 billz999 the Changer (level 3, 0/24 HPs)
             Began as a Vampire Earth Elementalist on Oct 23, 2022.
             Killed by divine providence
             ... invoked by an orc priest
              (12 damage)
             ... on level 4 of the Dungeon.
             The game lasted 00:03:31 (2121 turns).

billz999 the Changer (Vampire Earth Elementalist)   Turns: 2121, Time: 00:03:32

Health: 0/24       AC:  2    Str:  7    XL:     3   Next: 87%
Magic:  0/6        EV: 12    Int: 19    God:
Gold:   98         SH:  0    Dex: 14    Spells: 5/6 levels left

rFire   . . .      SeeInvis +    (no weapon)
rCold   . . .      Faith    .    (no shield)
rNeg    . . .      Spirit   .    a - +0 robe
rPois   .          Reflect  .    (no helmet)
rElec   .          Harm     .    (no cloak)
rCorr   .          Rampage  .    (no gloves)
Will    .....                    (no boots)
Stlth   ++........               (no amulet)
HPRegen 0.44/turn                (no ring)
MPRegen 0.10/turn                (no ring)

@: healing quickly
A: alive, fangs 3, see invisible, vampiric 2
a: Exsanguinate


You were on level 4 of the Dungeon.
You visited 1 branch of the dungeon, and saw 4 of its levels.

You collected 98 gold pieces.

Inventory:

Armour
 a - a +0 robe (worn)
 j - a +0 buckler
 o - a scarf of repulsion
Magical Staves
 c - a staff of poison
Jewellery
 q - a ring of see invisible
Scrolls
 e - 2 scrolls of magic mapping {unknown}
 f - a scroll of teleportation {unknown}
 g - 2 scrolls of noise {unknown}
 h - 2 scrolls of identify {unknown}
 i - a scroll of enchant weapon {unknown}
 m - a scroll of torment {unknown}
Potions
 b - a potion of magic
 d - a potion of cancellation {unknown}
 k - 2 potions of heal wounds {unknown}
 l - a potion of degeneration {unknown}
 n - 2 potions of mutation {unknown}
 p - 2 potions of brilliance {unknown}


   Skills:
 - Level 2.1 Dodging
 - Level 3.0 Stealth
 - Level 2.0 Spellcasting
 + Level 4.2 Transmutations
 - Level 3.0 Earth Magic


You had 5 spell levels left.
You knew the following spells:

 Your Spells              Type           Power      Damage    Failure   Level
a - Sandblast             Erth           26%        2d8       4%          1

Your spell library contained the following spells:

 Spells                   Type           Power      Damage    Failure   Level
 Passwall                 Tmut/Erth      12%        N/A       6%          2
 Stone Arrow              Conj/Erth      14%        3d7       26%         3
 Petrify                  Tmut/Erth      15%        N/A       36%         4


Dungeon Overview and Level Annotations

Branches:
Dungeon (4/15)
 Temple: D:4-7

Altars:


Innate Abilities, Weirdness & Mutations

Your natural rate of healing is accelerated.
You have razor-sharp teeth.
You have supernaturally acute eyesight. (SInv)
You are afflicted with vampirism and can become a bat while bloodless.


Message History

The kobold attacks as you move away! The kobold hits you with a +0 club.
The kobold throws a stone.
The stone hits you but does no damage.
The kobold throws a stone.
The stone hits you.
Things that are here:
a +4 dagger of venom; an orc corpse A kobold is nearby!
Casting: Sandblast (safe; 4% risk of failure)
Confirm with . or Enter, or press ? or * to list all spells.
Aiming: Sandblast (safe; 4% risk of failure)
Press: ? - help, Shift-Dir - straight line, f/p - kobold
Aim: a kobold, wielding a +0 club and quivering stones (77% to hit)
The blast of sand misses the kobold.
Unknown command.
Casting: Sandblast (safe; 4% risk of failure)
Confirm with . or Enter, or press ? or * to list all spells.
Aiming: Sandblast (safe; 4% risk of failure)
Press: ? - help, Shift-Dir - straight line, f/p - kobold
Aim: a kobold, wielding a +0 club and quivering stones (77% to hit)
The blast of sand misses the kobold.
The kobold completely misses you.
The kobold throws a stone.
The stone hits you but does no damage.
The kobold throws a stone.
The stone hits you.
You aren't carrying any items that you can evoke.
Unknown command.
Really attack while wielding nothing?
Okay, then.
The kobold attacks as you move away! The kobold hits you but does no damage.
The orc priest mumbles some strange prayers to Beogh against you.
Beogh smites you!
The orc priest hits you with a +0 short sword.
Casting: Sandblast (safe; 4% risk of failure)
Confirm with . or Enter, or press ? or * to list all spells.
Aiming: Sandblast (safe; 4% risk of failure)
Press: ? - help, Shift-Dir - straight line, f - orc priest, p - kobold
Aim: an orc priest, wielding a +0 short sword (82% to hit)
The blast of sand hits the orc priest.
The orc priest is moderately wounded.
The orc priest invokes the aid of Beogh against you.
Beogh smites you!
Ouch! That really hurt!
You die...

##########
#...Ko...# ###
#)######.#..(
#.######.#.##...
#o##.oK@o.....#
#.##.###.#.####
#.##.# #.#.# [.
#.##o###.# # ..#
#o.....)<# ...#
####.##### #o..#
#.### #.....
#.#.## #.†....
#...o####.......


You could see an orc priest, an orc and a kobold.

Vanquished Creatures
  A gnoll (D:3)
  An adder (D:2)
  4 dart slugs
  2 orcs (D:4)
  7 bats
  3 endoplasms
  4 giant cockroaches
  4 goblins (D:2)
  A hobgoblin (D:3)
  2 quokkas
  A ball python (D:3)
  4 kobolds
34 creatures vanquished.

Notes
Turn   | Place    | Note
-------+----------+-------------------------------------------
     0 | D:1      | billz999 the Vampire Earth Elementalist began the quest for
                  | the Orb.
     0 | D:1      | Reached XP level 1. HP: 13/13 MP: 3/3
   168 | D:1      | Reached skill level 2 in Transmutations
   240 | D:1      | Reached XP level 2. HP: 19/19 MP: 1/5
  1346 | D:2      | Reached skill level 3 in Transmutations
  1552 | D:2      | Gained mutation: You are afflicted with vampirism and can
                  | become a bat while bloodless. [Vampire growth]
  1552 | D:2      | Reached XP level 3. HP: 24/24 MP: 3/6
  1986 | D:3      | Reached skill level 4 in Transmutations
  2121 | D:4      | Killed from afar by an orc priest

Illustrated notes

Levels and vault maps discovered:
D:1:      onia_arrival_mini_maze, layout_basic, st_stairs_4, minivault_23
D:2:      layout_rooms
D:3:      layout_rooms, uniq_sigmund
D:4:      layout_loops_corners, bloody_makhleb

Skill      XL: |  1  2  3 |
---------------+----------+-----
Transmutations | 2 3 4 |  4.2
Dodging        | |  2.1
Stealth        | |  3.0
Spellcasting   | |  2.0
Earth Magic    | |  3.0

Action                   || total
-------------------------++-------
Melee: Unarmed           ||     1
 Cast: Sandblast         ||    62
Armor: Robe              ||     7
Dodge: Dodged            ||    20

Table legend: (Time is in decaauts)
 A = Elapsed time spent in this place.
 B = Non-inter-level travel time spent in this place.
 C = Inter-level travel time spent in this place.
 D = Time resting spent in this place.
 E = Time spent auto-exploring this place.
 F = Levels seen in this place.
 G = Mean time per level.
                   A        B        C        D        E       F      G
               +--------+--------+--------+--------+--------+-----+--------+
         Total |   2150 |   2047 |    103 |     27 |   1681 |   4 |  537.5 |
       Dungeon |   2150 |   2047 |    103 |     27 |   1681 |   4 |  537.5 |
               +--------+--------+--------+--------+--------+-----+--------+

Top non-repeatable levels by time:
     D:1: 1086 daAuts
     D:2: 754 daAuts
     D:3: 195 daAuts
     D:4: 114 daAuts
